Cogmind - Beta 10 @@@ ROGUE MODE // 2020.09.15 @ 10:40:36 Player: sentrybuster Result: Destroyed by G-47 Trooper with Particle Gun Performance ------------- Evolutions (2) 1000 Regions Visited (4) 800 Robots Destroyed (34) 170 Value Destroyed (851) 851 Prototype IDs (4) 80 Alien Tech Used (0) 0 Bonus (-23) -23 TOTAL SCORE: 2878 Bonus ------- Follower Combat Kills 95 Friendly Fire -118 Cogmind --------- Core Integrity 0/550 Matter 233/300 Energy 100/100 System Corruption 0% Temperature Cool (18) Movement Core (150) Ox2 Location -8/Materials Parts ------- > --- POWER (1) -------- (None) > --- PROPULSION (3) --- (None) > --- UTILITY (4) ------ Small Storage Unit Visual Processing Unit Signal Interpreter > --- WEAPON (3) ------- Maul > --- INVENTORY (6) ---- Heat Sink Datajack Peak State ------------ > --- POWER ------------ Heavy Ion Engine > --- PROPULSION ------- Aluminum Leg Aluminum Leg Aluminum Leg > --- UTILITY ---------- Heat Sink Small Storage Unit Visual Processing Unit Signal Interpreter > --- WEAPON ----------- EM Pulse Gun Improved Assault Rifle Improved Assault Rifle > --- INVENTORY -------- Wheel Wheel Datajack Maul [Rating: 18] Favorites ----------- Power Heavy Ion Engine Engine Heavy Ion Engine Power Core Light Nuclear Core Propulsion Aluminum Leg Treads Light Treads Leg Aluminum Leg Wheel Wheel Utility Small Storage Unit Device Heat Sink Storage Small Storage Unit Processor Visual Processing Unit Protection Light Armor Plating Weapon Improved Assault Rifle Energy Gun Small Laser Ballistic Gun Improved Assault Rifle Ballistic Cannon Light Cannon Impact Weapon Maul Build | -11 -10 -9 -9 -8 ------- Run | Scr Mat Mat Min Mat Slots Evolved 4 | . . 2 . 2 Power . | . . . . . Propulsion 1 | . . 1 . . Utility 2 | . . 1 . 1 Weapon 1 | . . . . 1 Parts Attached 37 | 6 1 20 . 10 Power 6 | 1 . 4 . 1 Engine 5 | 1 . 3 . 1 Core 1 | . . 1 . . Reactor . | . . . . . Propulsion 11 | 2 . 5 . 4 Treads 3 | 2 . . . 1 Leg 6 | . . 5 . 1 Wheel 2 | . . . . 2 Hover . | . . . . . Flight . | . . . . . Utility 8 | 1 1 4 . 2 Device 3 | . 1 1 . 1 Storage 1 | 1 . . . . Processor 2 | . . 2 . . Hackware . | . . . . . Protection 2 | . . 1 . 1 Artifact . | . . . . . Weapon 12 | 2 . 7 . 3 Energy Gun 4 | 1 . 2 . 1 Energy Cannon . | . . . . . Ballistic Gun 6 | 1 . 4 . 1 Ballistic Cannon 1 | . . 1 . . Launcher . | . . . . . Special Weapon . | . . . . . Impact Weapon 1 | . . . . 1 Slashing Weapon . | . . . . . Piercing Weapon . | . . . . . Special Melee Weapon . | . . . . . Unidentified Prototypes 2 | . . 2 . . Parts Lost 23 | . . 9 . 14 Power 5 | . . 3 . 2 Propulsion 8 | . . 1 . 7 Utility 2 | . . 1 . 1 Weapon 8 | . . 4 . 4 Highest Loss Streak 8 | . . 4 . 8 Average Slot Usage (%) 88 | . 88 84 100 79 Engine 9 | . 14 8 11 7 Treads 10 | . 28 13 . 2 Leg 15 | . . 9 33 16 Device 3 | . 3 7 . 3 Storage 11 | . 14 11 11 9 Processor 13 | . . 11 22 18 Energy Gun 4 | . 14 5 . 1 Ballistic Gun 15 | . 14 11 22 14 Impact Weapon 1 | . . . . 5 Naked Turns . | . . . . . Heaviest Build 21 | 10 11 18 18 21 Greatest Support 40 | 40 40 40 30 30 Greatest Overweight (x) 4 | 2 . . . 4 Average Overweight (x) . | . . . . . Largest Inventory Capacity 6 | 6 6 6 6 6 Average Capacity 5 | 5 6 6 6 6 Most Carried 6 | 4 6 6 6 5 Average Carried 5 | 2 5 5 5 3 Final Capacity 6 | 6 6 6 6 6 Final Carried 6 | 4 6 6 6 2 Class Distribution -------------------- 54% | Mutant 42% | Scavenger-Mutant 3% | Scavenger-Skirmisher Dominant Class ---------------- Mutant | -10/Materials Mutant | -9/Materials Scavenger-Mutant | -9/Mines Mutant | -8/Materials Resources | -11 -10 -9 -9 -8 ----------- Run | Scr Mat Mat Min Mat Matter Collected 921 | 225 53 327 170 146 Remotely . | . . . . . Salvage Created 1371 | . 69 514 420 368 Parts 68 | . 6 28 15 19 Haulers Intercepted 1 | . . 1 . . Recyclers Shooed 2 | . . . 2 . Parts Field Recycled . | . . . . . Retrieved Matter . | . . . . . Parts Self-Destructed . | . . . . . Prevented . | . . . . . Kills | -11 -10 -9 -9 -8 ------- Run | Scr Mat Mat Min Mat Combat Hostiles Destroyed 24 | . 1 12 4 7 Melee 1 | . . . . 1 Guns 17 | . 1 7 4 5 Cannons 5 | . . 5 . . Classes Destroyed 8 | . 2 5 . 1 Hauler 1 | . . 1 . . Recycler 6 | . 1 1 4 . Watcher 2 | . . 1 . 1 Swarmer 8 | . . 4 4 . Grunt 12 | . 1 6 1 4 Brawler 1 | . . . . 1 Duelist 2 | . . 1 . 1 Sentry 2 | . . 1 . 1 Best Kill Streak 9 | . 1 9 4 3 Combat Bots Only 8 | . 1 8 2 3 Max Kills in Single Turn 2 | . 1 1 2 1 Gunslinging 1 | . . . 1 . Exploded . | . . . . . Melee 1 | . . . . 1 Uniques/NPCs Destroyed . | . . . . . Combat | -11 -10 -9 -9 -8 -------- Run | Scr Mat Mat Min Mat Damage Taken 2904 | . 47 982 69 1806 Core 793 | . 12 198 22 561 Absorbed by Shields . | . . . . . Core Remaining (%) 80 | 100 95 . 45 . Volleys Fired 105 | . 4 55 15 31 Largest 3 | . 2 2 2 3 Hottest 86 | . 60 76 46 86 Shots Fired 194 | . 8 93 30 63 Gun 173 | . 8 72 30 63 Cannon 21 | . . 21 . . Launcher . | . . . . . Special . | . . . . . Kinetic 170 | . 4 75 30 61 Thermal 22 | . 4 18 . . Explosive . | . . . . . Electromagnetic 2 | . . . . 2 Robot Hit Streak 14 | . 2 8 8 14 Robot Miss Streak 7 | . 2 3 3 7 Penetration Max . | . . . . . Secondary Targets 3 | . . 1 1 1 Max Gunslinging Chain 1 | . . 1 1 1 Shots Hit Robots 137 | . 3 58 16 60 Core Hits 56 | . 2 27 10 17 Critical Hits 1 | . . . 1 . Critical Kills 1 | . . . 1 . Critical Parts Destroyed . | . . . . . Melee Attacks 22 | . . . . 22 Impact 22 | . . . . 22 Slashing . | . . . . . Piercing . | . . . . . Sneak Attacks 2 | . . . . 2 Combat Hostiles . | . . . . . Follow-up Attacks . | . . . . . Damage Inflicted 2262 | . 33 824 253 1152 Guns 1562 | . 32 570 253 707 Cannons 254 | . . 254 . . Explosions . | . . . . . Melee 445 | . . . . 445 Ramming 1 | . 1 . . . Kinetic 1667 | . 10 697 253 707 Thermal 149 | . 22 127 . . Explosive . | . . . . . Electromagnetic . | . . . . . Impact 445 | . . . . 445 Slashing . | . . . . . Piercing . | . . . . . Highest Corruption . | . . . . . Average Corruption . | . . . . . Corruption Purged . | . . . . . Overload Shots . | . . . . . Overflow Damage 36 | . . . . 36 Projectiles . | . . . . . Explosions . | . . . . . Melee 36 | . . . . 36 Knockbacks 4 | . . 3 . 1 Impact 1 | . . . . 1 Kinetic 3 | . . 3 . . Secondary . | . . . . . Self-Inflicted Damage . | . . . . . Shots . | . . . . . Rammed . | . . . . . Targets Rammed 2 | . 1 1 . . Kicked 1 | . . 1 . . Crushed 1 | . 1 . . . Highest Temperature 39 | . 24 39 . 6 Average Temperature 13 | . 13 19 . 2 Received Heat Transfer 1299 | . 24 384 . 891 Siege Activations . | . . . . . Robots Corrupted . | . . . . . Combat Hostiles . | . . . . . Parts Fried 1 | . . . . 1 Impact Corruptions 2 | . . . . 2 Robots Melted . | . . . . . Combat Hostiles . | . . . . . Parts Melted 1 | . . 1 . . Heat Transferred 360 | . 50 310 . . Parts Sabotaged . | . . . . . Parts Stolen . | . . . . . Parts Stripped . | . . . . . Power Chain Reactions . | . . . . . Missiles Intercepted . | . . . . . Alert | -11 -10 -9 -9 -8 ------- Run | Scr Mat Mat Min Mat Peak Influence 306 | . 53 306 261 286 Initial 101 | . . 22 45 101 Average 120 | . 19 137 130 202 Maximum Alert Level 1 | . . 1 1 1 Low Security (%) 76 | 100 100 64 92 47 Level 1 23 | . . 36 7 52 Level 2 . | . . . . . Level 3 . | . . . . . Level 4 . | . . . . . Level 5 . | . . . . . High Security . | . . . . . Max Security . | . . . . . Squads Dispatched 2 | . 2 . . . Investigation 1 | . 1 . . . Extermination . | . . . . . Reinforcement 1 | . 1 . . . Assault . | . . . . . Garrison . | . . . . . Intercept . | . . . . . Construction Impeded . | . . . . . Haulers Reinforced . | . . . . . Stealth | -11 -10 -9 -9 -8 --------- Run | Scr Mat Mat Min Mat Distress Signals 8 | . 1 3 . 4 Communications Jammed . | . . . . . Distress Signals . | . . . . . Times Spotted 42 | . 3 16 7 16 Peak Tracking Total 6 | . 2 6 4 5 Tactical Retreats 2 | . . . . 2 Traps | -11 -10 -9 -9 -8 ------- Run | Scr Mat Mat Min Mat Traps Triggered . | . . . . . Indirectly . | . . . . . Trap Hack Attempts . | . . . . . Triggered . | . . . . . Disarmed . | . . . . . Reprogrammed . | . . . . . Reused . | . . . . . Traps Extracted . | . . . . . Installed . | . . . . . Triggered . | . . . . . Machines | -11 -10 -9 -9 -8 ---------- Run | Scr Mat Mat Min Mat Machines Disabled 3 | . . 1 1 1 Max in Single Turn 1 | . . 1 1 1 Machines Sabotaged . | . . . . . Garrisons Compromised . | . . . . . Overloaded Fab Kills . | . . . . . Fab Network Shutdowns . | . . . . . Hacking | -11 -10 -9 -9 -8 --------- Run | Scr Mat Mat Min Mat Machines Accessed 6 | . 4 2 . . Terminals 5 | . 4 1 . . Fabricators . | . . . . . Repair Stations . | . . . . . Recycling Units 1 | . . 1 . . Scanalyzers . | . . . . . Garrison Access . | . . . . . Total Hacks 20 | . 13 7 . . Successful 15 | . 10 5 . . Failed 5 | . 3 2 . . Catastrophic 1 | . 1 . . . Database Lockouts . | . . . . . Manual 17 | . 12 5 . . Terminals 17 | . 13 4 . . Fabricators . | . . . . . Repair Stations . | . . . . . Recycling Units 3 | . . 3 . . Scanalyzers . | . . . . . Garrison Access . | . . . . . Terminal Hacks 5 | . 5 . . . Prototype ID Bank 1 | . 1 . . . Locate Traps 1 | . 1 . . . Patrol Status 1 | . 1 . . . Recall Reinforcements 1 | . 1 . . . Hauler Manifests 1 | . 1 . . . Fabricator Hacks . | . . . . . Repair Station Hacks . | . . . . . Recycling Unit Hacks 2 | . . 2 . . Report Inventory 1 | . . 1 . . Retrieve Components 1 | . . 1 . . Scanalyzer . | . . . . . Garrison Access Hacks . | . . . . . Unauthorized Hacks 8 | . 5 3 . . Terminals 7 | . 5 2 . . Track 1 | . 1 . . . Botnet 4 | . 3 1 . . Disrupt 2 | . 1 1 . . Fabricators . | . . . . . Repair Stations . | . . . . . Recycling Units 1 | . . 1 . . Monitor 1 | . . 1 . . Scanalyzers . | . . . . . Garrison Access . | . . . . . Data Cores Recovered . | . . . . . Used . | . . . . . Hacking Detections 4 | . 2 2 . . Full Trace Events 1 | . 1 . . . Feedback Events . | . . . . . Feedback Blocked . | . . . . . Robot Schematics Acquired . | . . . . . Robots Built . | . . . . . Matter . | . . . . . Time . | . . . . . Total Robot Build Rating . | . . . . . Part Schematics Acquired . | . . . . . Parts Built . | . . . . . Matter . | . . . . . Time . | . . . . . Total Part Build Rating . | . . . . . Parts Repaired . | . . . . . Time . | . . . . . Parts Recycled . | . . . . . Recycled Matter . | . . . . . Retrieved Matter . | . . . . . Retrieved Components 3 | . . 3 . . Parts Scanalyzed . | . . . . . Part Schematics Acquired . | . . . . . Parts Damaged . | . . . . . Bothacking | -11 -10 -9 -9 -8 ------------ Run | Scr Mat Mat Min Mat Used RIF Installer . | . . . . . Robots Hacked . | . . . . . Non-combat . | . . . . . Combat . | . . . . . Robot Hacks Applied . | . . . . . Relay Couplers Released . | . . . . . Robots Rewired . | . . . . . Allies Hacked . | . . . . . Hacks Repelled . | . . . . . Allies | -11 -10 -9 -9 -8 -------- Run | Scr Mat Mat Min Mat Total Allies 3 | . . . 3 . Largest Group 3 | . . . 3 2 Highest-Rated Group 40 | . . . 40 32 Highest-Rated Ally 16 | . . . 16 16 Total Orders . | . . . . . Ally Attacks 18 | . . . 9 9 Total Damage 168 | . . . 52 116 Kills 5 | . . . 3 2 Allies Corrupted . | . . . . . Allies Melted . | . . . . . Intel | -11 -10 -9 -9 -8 ------- Run | Scr Mat Mat Min Mat Robot Analysis Total . | . . . . . Derelict Logs Recovered 1 | . . . 1 . Drone Launches . | . . . . . Drone Recoveries . | . . . . . Exploration | -11 -10 -9 -9 -8 ------------- Run | Scr Mat Mat Min Mat Turns Passed 1426 | 83 233 475 363 272 Spaces Moved 705 | 47 128 199 262 69 Core 14 | 8 . . . 6 Treads 295 | 39 128 128 . . Legs 396 | . . 71 262 63 Wheels . | . . . . . Hover . | . . . . . Flight . | . . . . . Fastest Speed 50 | 50 160 120 120 120 Average Speed 137 | 150 160 145 120 131 Slowest Speed 250 | 160 160 160 120 250 Overloaded Moves . | . . . . . Propulsion Burnouts . | . . . . . Robots Hopped . | . . . . . Cave-ins Triggered . | . . . . . Exploration Rate (%) 26 | 3 27 19 68 13 Regions Visited 4 Branch Regions 1 Pre-discovered Areas . | . . . . . Known Exits Taken 2 | . . 1 1 . Unknown Exits Taken 2 | 1 1 . . . Scrap Searched 2 | . . . 2 . Spaces Dug 4 | . . . . 4 Terrain Destroyed 4 | . . . . 4 Melee 4 | . . . . 4 Projectile . | . . . . . AOE . | . . . . . Terrain Rammed . | . . . . . Walls Destroyed . | . . . . . Machines Disabled . | . . . . . Actions | -11 -10 -9 -9 -8 --------- Run | Scr Mat Mat Min Mat Total 914 | 56 148 287 281 142 Wait 24 | . 11 3 1 9 Move 701 | 46 127 198 261 69 Hop . | . . . . . Pick Up 10 | 4 3 1 2 . Fast Attach 27 | 6 1 15 . 5 Attach 9 | . . 4 . 5 Detach 3 | . . 2 . 1 Swap 2 | . . 2 . . Drop 9 | . 1 6 2 . Fire 105 | . 4 55 15 31 Melee 22 | . . . . 22 Ram . | . . . . . Kick 1 | . . 1 . . Crush 1 | . 1 . . . Escape Stasis . | . . . . . Rewire . | . . . . . Trap . | . . . . . Miscellaneous . | . . . . . Route ------- -11/Scrapyard -10/Materials -9/Materials -9/Mines (discovered 2 exits: *Mat x2) -8/Materials (discovered 1 exit: Sto) History --------- Turn | Location | Event 16 | -11/Scrapyard | Discovered new exit (range 13) 84 | -11/Scrapyard | Entered Materials 195 | -10/Materials | Discovered new exit (range 5) 300 | -10/Materials | Build established: Mutant 317 | -10/Materials | Entered another Materials area 317 | -9/Materials | Evolved 2 slots: Propulsion x1, Utility x1 607 | -9/Materials | Destroyed 8 combat bots 608 | -9/Materials | Lost 3 parts (1p1n1w) 680 | -9/Materials | Lost 4 parts (1p1u2w) 777 | -9/Materials | Discovered new exit (range 8) 791 | -9/Materials | Identified exit to Mines 792 | -9/Materials | Entered Mines 822 | -9/Mines | Discovered new exit (range 9) 885 | -9/Mines | Assisted by bots powering up and referring to "LRC-V3" 953 | -9/Mines | Build established: Scavenger-Mutant 1016 | -9/Mines | Learned 4 Materials zone layouts 1129 | -9/Mines | Core integrity fell below 50% 1145 | -9/Mines | Discovered new exit (range 7) 1153 | -9/Mines | Identified exit to Materials 1155 | -9/Mines | Entered Materials 1155 | -8/Materials | Accompanied by 2 allies 1155 | -8/Materials | Evolved 2 slots: Utility x1, Weapon x1 1156 | -8/Materials | Identified exit to Storage 1337 | -8/Materials | Lost 4 parts (1p1n1u1w) 1390 | -8/Materials | Core integrity fell below 50% 1408 | -8/Materials | Core integrity fell below 20% 1427 | -8/Materials | Destroyed by G-47 Trooper with Particle Gun Last Messages --------------- 01417_ W-25 Informer sends out distress signal. 01418_ Sneak attack on R-06 Scavenger. 01418_ Destroyed Tractor Beam. 01418_ R-06 Scavenger system corrupted by crushing effect. 01418_ R-06 Scavenger knocked back. 01418_ U-05 Engineer builds a Wall. 01421_ K-01 Serf collects debris. 01422_ U-05 Engineer builds a Wall. 01424_ K-01 Serf collects debris. 01425_ Wheel destroyed. 01426_ U-05 Engineer builds a Wall. 01426_ K-01 Serf collects debris. 01427_ Wheel destroyed. [Achievement: Tester] The achievement interface (ESC then open Records) offers an effective way to explore all of your earned achievements as well as seek out new goals for future runs. Important note for Steam players: Cogmind player global achievement rates displayed by Steam are all significantly underreported, in some cases by a huge margin, due to how they are calculated by Valve. Map ----- +----------------------------------------------------+ | #?????# #?# #??# #????? ????? #?# # " | | #?????# #?# #?? #???? ????? #?# # " | | #????## ### #??? #???? ???? #?# # | | #????# ###+###### ######/#############+###### | | #????# | | ##????# [ | | #?????# =% | | #?????# ###+####### ###+##???############### | | #?????#######? ?????# ## #????????# | | #?????# ???? ?????# ## """ ########## " | | #?????# ???# #????# ## """ ## # " | | ?????????? # #????# ## """ #????????????? | | ?????????? # #????# ## #????????????? | | ?????????? # #???## ## """ #????????????? | | ?????????? # #???# %#%""" #????????????? | | ??????????############ ![/#*" " #????????????? | | ??????? "% =!%= %!% [/* #????????????? | | ??????????############ !%##########????????????? | | ?????????? #???????# #?????????????????????? | | ?????????? #???#######+#######?????????????????? | | ?????????? #???# u #?????????????????? | | ?????????? #???# #?????????????????? | | ?????????? #???# """k ""k""" #?????????????????? | | ?????????? #???# """ " """ #########?????????? | | ??????????####???# """% g """w/ ?????????? | | ?????????????????# g @ ####??????????????? | | ??????????######################?????????????????? | | ?????????? ## # #?????##??????????????? | | ?????????? ## # #?????# ??????????????? | | ?????????? ## # #?????# ??????????????? | | ?????????? ## # #?????# ??????????????? | | ?????????? ## # #?????# ??????????????? | | ?????????? ## # #?????# ??????????????? | | ?????????? ## # #?????# ??????????????? | | ?????????? ## # #?????##??????????????? | | ?????????? ## #####+#####???####??????????????? | | ??????????????????????????????????? #???# #??# #? | | ??????????????????????????????????? #???# #??# ## | | ??????????????????????????????????? #??## ##?# ## | | ??????????????????????????????????? #### ###### | | ??????????????????????????????????? # ## | | ??????????????????????????????????? ##### # " ## | | ??????????????????????????????????? ##### # T ## | | ??????????????????????????????????? ## # " ## | | ??????????????????????????????????? ## # ## | | ??????????????????????????????????? ## # ## | | ??????????????????????????????????? ######### # | | ??????????????????????????????????? ##########+### | | ??????????????????????????????????? | | ??????????????????????????????????? | +----------------------------------------------------+ Best States ------------- Heat Dissipation 41 Energy Generation 14 Energy Capacity 280 Matter Stores 300 Matter Capacity 300 Sight Range 18 Terrain Scan Density 10 Armor Coverage 225 Evasion (%) 40 Recoil Reduction 2 Item Schematics ----------------- None Robot Schematics ------------------ None Fabricated ------------ Nothing Alien Tech Used ----------------- None Achievements -------------- Tester Challenges ------------ None Game ------ Seed HardcellLinearWings Manual? 0 Play Time 00:18:40 Cumulative 45.7 hours Start 2020.09.15 @ 10:12:51 End 2020.09.15 @ 10:40:36 Sessions 1 Manual Loads 0 Difficulty Rogue Special Mode None Game No. 84 Rogue 84 Adventurer 0 Explorer 0 Win Type - Total 0 Types 0/0/0/0/0/0/0/0/0 Lore% 40 Gallery% 50 Achievement% 35 Wizard Run 0 Options --------- ASCII 1 Keyboard 1 Movement Numpad Keybinds 0 Fullscreen 1 Font 18/X11 Map View 76x50 Tactical HUD 1 Map Filters NONE Filters NONE Steam 1 RUN: 08d2e406-bddf-4d81-a5ad-9de6ce57de62